 Dungeon Crawl Stone Soup version 0.24-a0-317-g5cb8de4b22 (webtiles) character file.

Game seed: 10933141267973296234

6890 HAL9000 the Slicer (level 11, -12/50 HPs)
             Began as a Vine Stalker Assassin on May 16, 2019.
             Killed from afar by a gargoyle (14 damage)
             ... with a stone arrow
             ... on level 10 of the Dungeon.
             The game lasted 00:22:11 (10265 turns).

HAL9000 the Slicer (Vine Stalker Assassin)         Turns: 10265, Time: 00:22:11

Health: -12/50     AC:  8    Str: 15    XL:     11   Next: 6%
Magic:  0/20       EV: 10    Int: 11    God:
Gold:   515        SH:  4    Dex: 16    Spells: 18/20 levels left

rFire    + . .     SeeInvis .   g - +3 dagger (venom)
rCold    . . .     Gourm    .   v - +1 buckler {reflect}
rNeg     + . .     Faith    .   e - +2 leather armour {rN+}
rPois    .         Spirit   +   x - +0 helmet
rElec    .         Reflect  +   c - +0 cloak
rCorr    .         Harm     .   (no gloves)
MR       +....     Clarity  +   u - +0 pair of boots
Stlth    ++++......             (no amulet)
HPRegen  0.56/turn              C - ring of protection from fire
MPRegen  0.17/turn              (no ring)

@: no status effects
A: fangs 3, clarity, dopey 1, regeneration 1, magic shield, antimagic bite, no
potion heal 3, rot immunity
a: no special abilities


You were on level 10 of the Dungeon.
You were not hungry.

You visited 2 branches of the dungeon, and saw 11 of its levels.

You collected 515 gold pieces.

Inventory:

Hand Weapons
 a - a +2 dagger
 g - a +3 dagger of venom (weapon)
Missiles
 d - 41 poisoned darts
 l - 6 boomerangs
 s - 5 throwing nets (quivered)
 B - 2 curare-tipped darts
Armour
 c - a +0 cloak (worn)
 e - a +2 leather armour of positive energy (worn)
 u - a +0 pair of boots (worn)
 v - a +1 buckler of reflection (worn)
 x - a +0 helmet (worn)
Jewellery
 n - an uncursed amulet of faith
 C - a ring of protection from fire (left hand)
Wands
 p - a wand of flame (14)
 r - a wand of iceblast (6)
 t - a wand of polymorph (8)
 F - a wand of clouds (5)
Scrolls
 b - a scroll of magic mapping
 h - 2 scrolls of enchant armour
 j - 6 scrolls of teleportation
 m - 4 scrolls of amnesia
 q - a scroll of immolation
 w - 3 scrolls of remove curse
 y - a scroll of fog
 D - a scroll of summoning {unknown}
 G - 3 scrolls of blinking {unknown}
Potions
 i - a potion of berserk rage {unknown}
 k - 2 potions of ambrosia
 o - a potion of curing
 z - a potion of flight
 A - a potion of magic
 E - a potion of resistance
 I - a potion of haste
Comestibles
 f - 20 rations
 H - 4 chunks of flesh


   Skills:
 - Level 1.7 Fighting
 - Level 13.2 Short Blades
 - Level 1.7 Throwing
 - Level 0.7 Dodging
 + Level 8.2 Stealth
 * Level 5.4 Spellcasting


You had 18 spell levels left.
You knew the following spells:

 Your Spells              Type           Power        Failure   Level  Hunger
a - Swiftness             Chrm/Air       #.......     54%         2    ##.....

Your spell library contained the following spells:

 Spells                   Type           Power        Failure   Level  Hunger
 Shock                    Conj/Air       #...         38%         1    None
 Static Discharge         Conj/Air       #.......     77%         3    ###....
 Airstrike                Air            #.........   99%         4    ####...
 Irradiate                Conj/Tmut      #.........   100%        5    ######.
 Lightning Bolt           Conj/Air       #.........   100%        5    ######.
 Hydra Form               Tmut           #.........   100%        6    #######
 Statue Form              Tmut/Erth      #........    100%        6    #######
 Dragon Form              Tmut           #.........   100%        7    #######


Dungeon Overview and Level Annotations

Branches:
Dungeon (10/15)            Temple (1/1) D:6             Orc (0/2) D:10
   Lair: D:8-11

Altars:
Ashenzari
Cheibriados
Dithmenos
Elyvilon
Fedhas
Gozag
Hepliaklqana
Kikubaaqudgha
Makhleb
Nemelex Xobeh
Okawaru
Qazlal
Ru
Sif Muna
Trog
Uskayaw
Vehumet
Wu Jian
Xom
Yredelemnul
Zin
The Shining One

Shops:
D:6 (   D:8 [


Innate Abilities, Weirdness & Mutations

You have razor-sharp teeth.
Your natural rate of healing is unusually fast.
When hurt, damage is shared between your health and your magic reserves.
Your bite disrupts and absorbs the magic of your enemies.
Potions cannot restore your health.
You are immune to rotting.
You possess an exceptional clarity of mind.
You are dopey. (Int -2)


Message History

The gargoyle is moderately damaged.
You hit the gargoyle but do no damage.
The gargoyle is moderately damaged.
The gargoyle hurls a stone arrow at you.
The stone arrow hits you!!
You completely miss the gargoyle.
The gargoyle is moderately damaged.
The gargoyle hurls a stone arrow at you.
The stone arrow hits you!!
* * * LOW HITPOINT WARNING * * *
You hit the gargoyle but do no damage.
You bite the gargoyle, but do no damage.
The gargoyle is moderately damaged.
Unknown command.
The gargoyle hurls a stone arrow at you.
The stone arrow hits you!
* * * LOW HITPOINT WARNING * * *
The gargoyle hurls a stone arrow at you.
The stone arrow hits you!
You die...

.... #.... ..... ......
### #####...... ###.##
##.#9.......
##....###..††.......
#.....##.......###..Y
##.........@...........
##.............###.......
#.......##.....###..[....
##......#.......#........
##....##....)...........
##...####...##.........
##..# #.........^.....
#.## ##.............! ###
#.....#........


You could see a gargoyle.

Vanquished Creatures
  Harold (D:7)
  A two-headed ogre (D:8)
  Pikel (D:7)
  2 hippogriffs
  Sigmund (D:3)
  Eustachio (D:4)
  A steam dragon (D:10)
  Edmund (D:5)
  A hungry ghost (D:9)
  Menkaure (D:7)
  2 slaves
  An orc warrior (D:9)
  A phantom (D:10)
  3 sky beasts
  3 ice beasts
  3 ogres
  2 centaurs
  2 big kobolds (D:7)
  7 bullfrogs
  2 scorpions
  5 wights (D:8)
  5 howler monkeys
  5 crimson imps
  A quasit (D:10)
  2 bullfrog zombies
  2 jellies
  12 orc wizards
  7 orc priests
  4 bullfrog skeletons
  A centaur skeleton (D:8)
  3 hounds
  5 iguanas
  4 worker ants
  A killer bee zombie (D:7)
  A hound zombie (D:5)
  A hound skeleton (D:6)
  2 worker ant zombies
  3 gnolls
  16 adders
  4 shadow imps
  2 oozes (D:6)
  An adder skeleton (D:4)
  2 worms (D:2)
  2 dart slugs
  3 leopard geckos
  35 orcs
  3 giant cockroaches
  7 goblins
  7 hobgoblins
  14 jackals
  5 quokkas
  7 bats
  4 frilled lizards
  A jackal skeleton (D:6)
  22 kobolds
  A quokka skeleton (D:4)
  8 rats
  A plant (D:7)
246 creatures vanquished.

Vanquished Creatures (others)
  An orc (D:7)
  A fungus (D:7)
2 creatures vanquished.

Grand Total: 248 creatures vanquished

Notes
Turn   | Place    | Note
-------+----------+-------------------------------------------
     0 | D:1      | HAL9000 the Vine Stalker Assassin began the quest for the
                  | Orb.
     0 | D:1      | Reached XP level 1. HP: 11/11 MP: 2/2
   126 | D:1      | Reached skill level 2 in Short Blades
   199 | D:1      | Reached XP level 2. HP: 15/15 MP: 3/3
   883 | D:1      | Reached skill level 3 in Short Blades
   983 | D:1      | Reached XP level 3. HP: 18/18 MP: 4/4
  1736 | D:1      | Gained mutation: Your natural rate of healing is unusually
                  | fast. [Vine Stalker growth]
  1736 | D:1      | Reached XP level 4. HP: 5/23 MP: 2/5
  1805 | D:2      | Reached skill level 4 in Short Blades
  2218 | D:3      | Reached XP level 5. HP: 22/26 MP: 6/6
  2689 | D:3      | Noticed Sigmund
  2694 | D:3      | Killed Sigmund
  2694 | D:3      | Reached skill level 6 in Short Blades
  2694 | D:3      | Reached XP level 6. HP: 30/30 MP: 7/7
  3026 | D:4      | Noticed Eustachio
  3104 | D:4      | Found a shimmering altar of Xom.
  3240 | D:4      | Killed Eustachio
  3240 | D:4      | Reached XP level 7. HP: 29/34 MP: 6/8
  3478 | D:4      | Reached skill level 7 in Short Blades
  3867 | D:5      | Entered Level 5 of the Dungeon
  3919 | D:5      | Noticed Edmund
  3926 | D:5      | Killed Edmund
  3926 | D:5      | Reached skill level 8 in Short Blades
  3926 | D:5      | Gained mutation: You have razor-sharp teeth. [Vine Stalker
                  | growth]
  3926 | D:5      | Reached XP level 8. HP: 38/38 MP: 9/9
  4011 | D:5      | Found a stormy altar of Qazlal.
  4279 | D:5      | Learned a level 2 spell: Swiftness
  4427 | D:5      | Reached skill level 9 in Short Blades
  4529 | D:6      | Found Osub's Antique Weapon Shop.
  4719 | D:6      | Found a staircase to the Ecumenical Temple.
  4760 | Temple   | Entered the Ecumenical Temple
  5325 | D:6      | Reached skill level 10 in Short Blades
  5435 | D:6      | Reached XP level 9. HP: 42/42 MP: 10/10
  6078 | D:7      | Found a blossoming altar of Fedhas.
  6536 | D:7      | Reached skill level 11 in Short Blades
  6594 | D:7      | Noticed Harold
  6596 | D:7      | Found a glowing golden altar of the Shining One.
  6602 | D:7      | Killed Harold
  6741 | D:7      | Reached skill level 12 in Short Blades
  7146 | D:7      | Noticed Menkaure
  7171 | D:7      | Gained mutation: You are dopey. (Int -2) [potion of
                  | mutation]
  7171 | D:7      | Gained mutation: You possess an exceptional clarity of
                  | mind. [potion of mutation]
  7180 | D:7      | Killed Menkaure
  7187 | D:7      | Noticed Pikel
  7617 | D:8      | Reached XP level 10. HP: 42/46 MP: 9/11
  7941 | D:8      | Found Foxo's Antique Armour Shoppe.
  7966 | D:8      | Noticed a two-headed ogre
  8031 | D:8      | Killed a two-headed ogre
  8031 | D:8      | Reached skill level 13 in Short Blades
  8075 | D:8      | Found a hazy altar of Hepliaklqana.
  8284 | D:8      | Reached skill level 5 in Stealth
  8284 | D:8      | Reached skill level 1 in Spellcasting
  8315 | D:7      | Killed Pikel
  9141 | D:9      | Found a shadowy altar of Dithmenos.
  9929 | D:9      | Noticed a two-headed ogre
 10034 | D:10     | Entered Level 10 of the Dungeon
 10034 | D:10     | Found a staircase to the Orcish Mines.
 10165 | D:10     | Reached skill level 5 in Spellcasting
 10165 | D:10     | Reached XP level 11. HP: 50/50 MP: 19/19
 10264 | D:10     | HP: 1/50 [gargoyle/stone arrow (11)]
 10265 | D:10     | Killed from afar by a gargoyle

Levels and vault maps discovered:
D:1:      eino_arrival_water_star, layout_basic
D:2:      layout_basic, minmay_misc_feat_rugged, chequers_serial_rivers_large_a,
          kennysheep_nondescript
D:3:      minmay_angry_zag, layout_basic, first_ration, uniq_sigmund
D:4:      layout_gridville, kennysheep_little_box, uniq_eustachio
D:5:      layout_loops_ring, lemuel_round_altar, uniq_edmund
D:6:      kennysheep_six_static_rooms, layout_loops_ring,
          minmay_temple_entry_slanted, serial_shops, nicolae_shop_trees
D:7:      layout_cave_pods, fedhas_altar_3, nicolae_tso_swordbearing_angel,
          uniq_harold, uniq_pikel, uniq_menkaure
D:8:      layout_layer_cave, old_standard_altar, serial_shops,
          nicolae_shop_trees
D:9:      layout_roguey, nicolae_overflow_hidden_temple, grunt_pizzeria
D:10:     layout_cave_pools, orc_0_dummy, serial_shops, nicolae_shop_stone
Temple:   minmay_temple_bridge_d

Skill      XL: |  1  2  3  4  5  6  7  8  9 10 11 |
---------------+----------------------------------+-----
Short Blades   | 2 3 4 6 8 10 12 13 | 13.2
Stealth        | 7 8 |  8.2
Spellcasting   | 5 |  5.4
Fighting       | |  1.7
Throwing       | |  1.7
Dodging        | |  0.7

Action                   |  1- 3 |  4- 6 |  7- 9 | 10-12 || total
-------------------------+-------+-------+-------+-------++-------
Melee: Dagger            |    94 |    84 |   480 |   325 ||   983
       Bite              |    25 |    22 |   145 |   111 ||   303
Throw: Dart              |       |     4 |     1 |     9 ||    14
       Throwing net      |       |       |       |     1 ||     1
  Use: Potion            |     2 |       |     2 |       ||     4
       Scroll            |       |     1 |    15 |     1 ||    17
 Stab: Sleeping          |     2 |     8 |    15 |     7 ||    32
       Distracted        |       |       |     2 |       ||     2
       Held in net/web   |       |       |       |     1 ||     1
  Eat: Chunk             |     2 |     5 |    14 |     7 ||    28
       Ration            |       |       |       |     1 ||     1
Armor: Robe              |    22 |    22 |       |       ||    44
       Leather armour    |       |     4 |   107 |    51 ||   162
Dodge: Dodged            |    56 |    42 |   107 |    76 ||   281
Block: Buckler           |       |     5 |    58 |    27 ||    90
       Reflection        |       |       |     1 |       ||     1

Table legend:
 A = Non-vault XP
 B = Vault XP
 C = Vault XP percentage of total XP
 D = Non-vault monster count
 E = Vault monster count
 F = Vault count percentage of total count
                 A         B        C        D         E       F
            +---------+---------+-------+---------+---------+-------
      Total |    7352 |    2491 |  25.3 |     231 |      12 |   4.9
            +---------+---------+-------+---------+---------+-------
        D:1 |      55 |       0 |   0.0 |      25 |       0 |   0.0
        D:2 |      90 |       0 |   0.0 |      22 |       0 |   0.0
        D:3 |      55 |     236 |  81.1 |      17 |       3 |  15.0
        D:4 |     365 |     197 |  35.1 |      18 |       1 |   5.3
        D:5 |     453 |     176 |  28.0 |      17 |       1 |   5.6
        D:6 |     850 |      65 |   7.1 |      30 |       4 |  11.8
        D:7 |     785 |    1817 |  69.8 |      35 |       3 |   7.9
        D:8 |    2274 |       0 |   0.0 |      33 |       0 |   0.0
        D:9 |    1172 |       0 |   0.0 |      23 |       0 |   0.0
       D:10 |    1253 |       0 |   0.0 |      11 |       0 |   0.0
            +---------+---------+-------+---------+---------+-------
